 Dungeon Crawl Stone Soup version 0.30-a0-576-g89cddaab80 (webtiles) character file.

Game seed: 14061077527365612355

749 bande the Chopper (level 7, 0/44 HPs)
             Began as a Gargoyle Fighter on Dec 31, 2022.
             Slain by a gnoll
             ... wielding a +0 halberd
             ... led by a gnoll bouda
              (7 damage)
             ... on level 5 of the Dungeon.
             The game lasted 00:07:54 (4687 turns).

bande the Chopper (Gargoyle Fighter)                Turns: 4687, Time: 00:07:54

Health: 0/44       AC: 17    Str: 20    XL:     7   Next: 77%
Magic:  16/16      EV:  6    Int:  8    God:
Gold:   1334       SH: 13    Dex: 11    Spells: 6/6 levels left

rFire   . . .      SeeInvis .    a - +1 war axe
rCold   . . .      Faith    .    v - +0 kite shield
rNeg    + . .      Spirit   .    w - +0 chain mail
rPois   ∞          Reflect  +    (no helmet)
rElec   +          Harm     .    p - +0 cloak
rCorr   .          Rampage  .    (no gloves)
Will    .....                    q - +1 pair of boots Stlth
                                 t - amulet of reflection
HPRegen 0.27/turn                (no ring)
MPRegen 0.15/turn                s - ring of magical power

@: weakened
A: sickness immunity, AC +4, negative energy resistance 1, electricity
resistance, torment resistance 1, petrification resistance
a: no special abilities


You were on level 5 of the Dungeon.
You visited 1 branch of the dungeon, and saw 5 of its levels.

You collected 1334 gold pieces.

Inventory:

Hand Weapons
 a - a +1 war axe (weapon)
 r - a +0 war axe
 y - a +0 flail
Armour
 p - a +0 cloak (worn)
 q - a +1 pair of boots (worn)
 v - a +0 kite shield (worn)
 w - a +0 chain mail (worn)
Jewellery
 s - a ring of magical power (right hand)
 t - an amulet of reflection (around neck)
 u - a ring of ice
Wands
 o - a wand of polymorph (10)
 x - a wand of digging (5)
Scrolls
 b - a scroll of magic mapping {unknown}
 g - 7 scrolls of teleportation
 l - 2 scrolls of fear
 m - a scroll of enchant weapon
Potions
 c - a potion of brilliance {unknown}
 d - 3 potions of might
 e - 5 potions of curing
 f - a potion of heal wounds
 h - a potion of berserk rage
 i - 2 potions of invisibility
 j - a potion of flight
 k - 2 potions of magic
 n - a potion of haste {unknown}


   Skills:
 + Level 4.5 Fighting
 + Level 5.2(5.3) Axes
 - Level 0.3(3.5) Maces & Flails
 - Level 1.0(3.4) Polearms
 + Level 4.7 Armour
 + Level 4.7 Shields
 + Level 0.4 Unarmed Combat
 * Level 2.2 Evocations


You had 6 spell levels left.
You didn't know any spells.
Your spell library contained the following spells:

 Spells                   Type           Power      Damage    Failure   Level
 Slow                     Hex            0%         N/A       100%        1
 Ensorcelled Hibernation  Hex/Ice        0%         N/A       100%        2
 Passwall                 Tmut/Erth      0%         N/A       100%        2
 Confusing Touch          Hex            0%         N/A       100%        3
 Swiftness                Air            0%         N/A       100%        3
 Vampiric Draining        Necr           0%         2d6       100%        3


Dungeon Overview and Level Annotations

Branches:
Dungeon (5/15)
 Temple: D:4-7

Altars:
Gozag
Qazlal
Uskayaw
Wu Jian


Innate Abilities, Weirdness & Mutations

You are immune to sickness and miasma.
Your stone body is resilient. (AC +4)
You are immune to poison.
You resist negative energy. (rN+)
You are resistant to electric shocks. (rElec)
You are resistant to unholy torment.
You are immune to petrification.


Message History

You block the gnoll's attack.
Unknown command.
You closely miss the gnoll. You slash the gnoll!
You barely miss the gnoll bouda. You barely miss the gnoll.
The gnoll hits you with a +0 flail. You block the gnoll's attack.
The gnoll bouda hits you but does no damage.
The gnoll barely misses you. You block the gnoll's attack.
The gnoll hits you with a +1 spear of venom.
* * * LOW HITPOINT WARNING * * *
You hit the gnoll.
The gnoll is lightly wounded.
You hit the gnoll.
You kill the gnoll!
You hit the gnoll bouda. You hit the gnoll.
Your attacks no longer feel as feeble.
The gnoll bouda gazes fiercely through you!
You feel your attacks grow feeble. You block the gnoll bouda's attack.
The gnoll hits you but does no damage. x2
You block the gnoll bouda's attack.
Unknown command.
You closely miss the gnoll.
The gnoll is lightly wounded.
You slash the gnoll bouda!
You kill the gnoll bouda!
You barely miss the gnoll.
The gnoll is no longer moving quickly.
You block the gnoll's attack. The gnoll barely misses you.
You block the gnoll's attack.
Unknown command.
Unknown command.
You hit the gnoll.
The gnoll is heavily wounded.
You hit the gnoll. The gnoll hits you but does no damage.
The gnoll hits you with a +0 halberd.
* * * LOW HITPOINT WARNING * * *
You block the gnoll's attack.
You slash the gnoll!
You kill the gnoll!
You hit the gnoll but do no damage. You block the gnoll's attack.
The gnoll hits you with a +0 halberd!
You die...

##≈≈≈≈.......#...#.#
§≈§§#....###.#.#...## ≈
§._§#....# #.#.###..# ≈≈
§.>≈#....# #.#.# ##..
.≈≈ §≈≈#≈...###.#.# ##.
.≈#.###≈≈...).#.#.######
..≈...≈≈≈.......#.......
......g)§.....##########
......)@..≈...#
.......)).....#
#...##....##### ...
#....# . ####.# #.# #.#
.#


You could see a gnoll.

Vanquished Creatures
  An ogre (D:5)
  A necrophage (D:4)
  2 scorpions
  A howler monkey (D:4)
  A crimson imp (D:5)
  A gnoll bouda (D:5)
  A jelly (D:4)
  2 hounds
  Crazy Yiuf (D:3)
  2 iguanas (D:5)
  7 gnolls
  3 adders
  A white imp (D:5)
  4 worms
  3 dart slugs
  8 orcs
  5 ball pythons
  6 bats
  6 endoplasms
  7 giant cockroaches
  8 goblins
  10 hobgoblins
  4 jackals
  16 kobolds
  2 quokkas
  3 frilled lizards
  7 rats
113 creatures vanquished.

Vanquished Creatures (others)
  5 plants (D:2)
5 creatures vanquished.

Grand Total: 118 creatures vanquished

Notes
Turn   | Place    | Note
-------+----------+-------------------------------------------
     0 | D:1      | bande the Gargoyle Fighter began the quest for the Orb.
     0 | D:1      | Reached XP level 1. HP: 14/14 MP: 1/1
   109 | D:1      | Reached skill level 1 in Polearms
   109 | D:1      | Reached XP level 2. HP: 18/19 MP: 2/2
   459 | D:1      | Reached skill level 2 in Axes
   646 | D:1      | Reached XP level 3. HP: 23/23 MP: 3/3
  1316 | D:2      | Reached XP level 4. HP: 19/28 MP: 4/4
  2316 | D:3      | Found a runed translucent door.
  2317 | D:3      | Noticed Crazy Yiuf
  2373 | D:3      | Reached skill level 3 in Axes
  2555 | D:3      | Found an ornate altar of the Wu Jian Council.
  2762 | D:3      | Killed Crazy Yiuf
  2763 | D:3      | Reached XP level 5. HP: 16/33 MP: 5/5
  3099 | D:4      | Found an opulent altar of Gozag.
  3275 | D:4      | Reached skill level 4 in Axes
  3275 | D:4      | Reached XP level 6. HP: 27/38 MP: 6/6
  3523 | D:4      | Reached skill level 1 in Evocations
  3565 | D:4      | Identified a scroll of acquirement
  3565 | D:4      | Acquired 1074 gold pieces
  3727 | D:5      | Entered Level 5 of the Dungeon
  3756 | D:5      | Reached XP level 7. HP: 40/43 MP: 7/7
  3867 | D:5      | Reached skill level 5 in Axes
  4159 | D:5      | Noticed a +0 dagger
  4159 | D:5      | Noticed a +0 dagger
  4160 | D:5      | Found a hide-covered altar of Uskayaw.
  4559 | D:5      | Found a stormy altar of Qazlal.
  4687 | D:5      | Slain by a gnoll

Illustrated notes

Levels and vault maps discovered:
D:1:      ncdulo_watergridlock, layout_basic, dreamdust_wishing_well,
          minmay_split_cup_small
D:2:      layout_loops_ring, st_stairs_1, lexackson_kobold_supper
D:3:      layout_basic, nicolae_wu_jian_immortal_techniques,
          grunt_ministairs_10, uniq_crazy_yiuf_cottage
D:4:      layout_cave_pools, lemuel_tele_altar
D:5:      layout_basic, dancing_weapons_uskayaw,
          nicolae_qazlal_general_emergency, minmay_fire_ice_demons

Skill      XL: |  1  2  3  4  5  6  7 |
---------------+----------------------+-----
Polearms       | 1 |  1.0
Axes           | 2 3 4 5 |  5.2
Armour         | 4 |  4.7
Fighting       | 4 |  4.5
Shields        | 4 |  4.7
Evocations     | 1 2 |  2.2
Maces & Flails | |  0.3
Unarmed Combat | |  0.4

Action                   |  1- 3 |  4- 6 |  7- 9 || total
-------------------------+-------+-------+-------++-------
Melee: War axe           |   110 |   174 |    51 ||   335
       Unarmed           |       |     7 |       ||     7
  Use: Scroll            |     9 |     7 |     2 ||    18
 Stab: Distracted        |       |     1 |       ||     1
Armor: Scale mail        |    57 |    78 |     5 ||   140
       Chain mail        |       |       |    22 ||    22
Dodge: Dodged            |    39 |    89 |    18 ||   146
Block: Buckler           |    28 |    47 |       ||    75
       Kite shield       |       |    51 |    48 ||    99
       Reflection        |       |     4 |       ||     4

Table legend: (Time is in decaauts)
 A = Elapsed time spent in this place.
 B = Non-inter-level travel time spent in this place.
 C = Inter-level travel time spent in this place.
 D = Time resting spent in this place.
 E = Time spent auto-exploring this place.
 F = Levels seen in this place.
 G = Mean time per level.
                   A        B        C        D        E       F      G
               +--------+--------+--------+--------+--------+-----+--------+
         Total |   4822 |   4659 |    163 |    489 |   3222 |   5 |  964.4 |
       Dungeon |   4822 |   4659 |    163 |    489 |   3222 |   5 |  964.4 |
               +--------+--------+--------+--------+--------+-----+--------+

Top non-repeatable levels by time:
     D:3: 1081 daAuts
     D:1: 1079 daAuts
     D:2: 1000 daAuts
     D:5: 980 daAuts
     D:4: 680 daAuts
